Map: Incorporeal LE

Players

ShoWTimE - Winner!

  • Race: Protoss Protoss
  • League: Grandmaster
  • Spawn Location: 11:00

STZsOs (sOs)

  • Race: Protoss Protoss
  • League: Master
  • Spawn Location: 5:00

Event: HomeStory Cup XXVII

VOD

Have the link to the VOD?

Description

Time

  • Played on: June 29, 2025, 10:18 a.m.
  • Length: 9:24

All games in this series

Show
View Real Time Build Order
Export as new Build Order

ShoWTimE Protoss - Winner!

Build Orders: Phoenix Opening, Blink Stalkers 

Get SALT Encoding   

  12  0:00  Probe  
  13  0:12  Probe  
  14  0:17  Pylon  
  14  0:23  Probe  
  15  0:31  Probe  
  15  0:36  Gateway  
  15  0:39  Probe  
  16  0:45  Assimilator  
  17  0:50  Probe  
  18  0:59  Probe  
  18  1:04  Assimilator  
  19  1:07  Probe  
  19  1:12  Gateway  
  19  1:17  Probe  
  20  1:24  Cybernetics Core  
  21  1:29  Probe  
  22  1:35  Pylon  
  22  1:41  Probe  
  23  1:53  Probe  
  24  1:57  Stalker  
  24  2:00  Warp Gate  
  26  2:05  Probe, Sentry  
  29  2:10  Pylon  
  29  2:22  Probe  
  30  2:24  Pylon  
  30  2:28  Sentry  
  32  2:38  Phoenix  
  32  2:42  Nexus  
  32  2:44  Probe  
  33  2:54  Twilight Council  
  33  2:56  Probe  
  34  3:02  Sentry  
  36  3:06  Pylon  
  36  3:09  Probe  
  37  3:14  Blink  
  36  3:21  Probe  
  39  3:33  Probe  
  39  3:34  Phoenix  
  40  3:40  Shield Battery  
  38  3:45  Probe  
  39  3:48  Stalker x2  
  39  3:51  Probe  
  44  3:57  Probe  
  44  3:59  Probe  
  45  4:09  Probe  
  47  4:12  Adept x2  
  47  4:14  Probe  
  52  4:27  Nexus  
  52  4:35  Stalker x2  
  56  4:40  Pylon  
  56  4:41  Probe  
  56  4:43  Probe  
  56  4:58  Probe  
  55  5:02  Stalker x2  
  55  5:05  Probe, Robotics Facility  
  55  5:06  Phoenix  
  60  5:07  Forge  
  60  5:13  Probe  
  61  5:17  Probe  
  62  5:24  Assimilator  
  62  5:27  Protoss Ground Weapons Level 1  
  62  5:29  Gateway, Probe  
  62  5:30  Probe  
  62  5:33  Gateway  
  64  5:36  Stalker x2  
  64  5:37  Probe  
  64  5:39  Shield Battery  
  64  5:41  Probe  
  71  5:42  Probe  
  71  5:45  Probe  
  72  5:52  Observer  
  72  5:53  Probe  
  72  5:54  Probe  
  72  5:55  Probe  
  75  6:01  Stalker x2  
  80  6:05  Pylon, Probe  
  80  6:07  Probe x2  
  83  6:12  Pylon  
  83  6:14  Immortal  
  83  6:17  Probe  
  84  6:19  Probe  
  84  6:23  Gateway  
  84  6:25  Phoenix  
  89  6:27  Probe  
  89  6:28  Pylon  
  89  6:29  Charge  
  90  6:34  Gateway  
  90  6:37  Gateway  
  90  6:43  Gateway  
  90  6:47  Gateway  
  90  6:59  Templar Archives  
  90  7:00  Pylon  
  90  7:02  Nexus  
  90  7:08  Gateway, Zealot x2  
  90  7:09  Pylon, Zealot  
  90  7:14  Immortal  
  100  7:19  Zealot x2  
  104  7:25  Pylon, Probe x3  
  104  7:29  Pylon  
  107  7:34  Pylon  
  107  7:39  Zealot x3  
  113  7:45  Zealot x3  
  119  7:52  Zealot x3  
  119  7:56  Pylon  
  125  8:00  High Templar x2, Zealot  
  125  8:01  Observer  
  125  8:05  Archon  
  131  8:06  Pylon  
  131  8:11  Zealot x4  
  139  8:22  Zealot x4  
  147  8:33  Zealot x6  
  159  8:43  Shield Battery  
  159  8:46  Pylon  
  159  8:47  High Templar  
  159  8:48  High Templar, Zealot x2  
  167  8:54  Archon  
  163  8:58  Zealot x6  
Show
View Real Time Build Order
Export as new Build Order

STZsOs Protoss 

Build Orders: Phoenix Opening, Blink Stalkers, Zealot Archon 

Get SALT Encoding   

  12  0:00  Probe  
  13  0:12  Probe  
  14  0:16  Pylon  
  14  0:24  Probe  
  15  0:32  Probe  
  15  0:35  Gateway  
  15  0:40  Probe  
  16  0:45  Assimilator  
  17  0:51  Probe  
  18  0:59  Probe  
  19  1:04  Assimilator  
  19  1:07  Gateway, Probe  
  19  1:17  Probe  
  20  1:23  Cybernetics Core  
  21  1:29  Probe  
  22  1:35  Pylon  
  22  1:41  Probe  
  23  1:53  Probe  
  24  1:57  Stalker  
  24  2:00  Adept  
  28  2:01  Warp Gate  
  28  2:08  Pylon  
  28  2:19  Pylon  
  28  2:27  Sentry, Stalker  
  30  2:30  Phoenix  
  32  2:43  Probe  
  33  2:51  Nexus  
  33  2:54  Sentry  
  35  2:59  Sentry  
  37  3:08  Pylon  
  37  3:09  Probe  
  38  3:18  Probe  
  36  3:26  Probe  
  37  3:29  Twilight Council  
  38  3:35  Probe  
  39  3:48  Probe  
  40  3:51  Stalker x2  
  44  3:57  Blink  
  44  3:59  Phoenix  
  44  4:00  Probe x2  
  45  4:08  Probe  
  46  4:12  Probe  
  48  4:21  Probe  
  50  4:24  Probe  
  50  4:33  Probe  
  50  4:36  Probe  
  50  4:37  Stalker x2  
  56  4:39  Nexus  
  56  4:48  Probe  
  56  4:51  Probe  
  55  5:00  Probe  
  55  5:03  Forge, Probe  
  55  5:06  Phoenix, Pylon  
  57  5:12  Probe, Stalker x2  
  62  5:18  Probe  
  60  5:22  Probe  
  61  5:28  Protoss Ground Weapons Level 1  
  61  5:29  Robotics Facility  
  61  5:30  Probe x2  
  63  5:39  Probe  
  63  5:42  Probe  
  65  5:43  Shield Battery  
  65  5:48  Probe  
  65  5:51  Probe  
  65  5:54  Probe  
  65  5:56  Probe  
  68  6:03  Probe  
  70  6:05  Charge  
  70  6:06  Probe x2  
  70  6:09  Gateway x2  
  72  6:15  Probe  
  72  6:16  Gateway  
  72  6:18  Observer, Gateway, Phoenix  
  73  6:19  Probe x2  
  73  6:23  Assimilator  
  76  6:27  Gateway  
  76  6:28  Immortal, Gateway, Probe  
  77  6:33  Probe x2  
  77  6:38  Pylon  
  83  6:40  Probe  
  83  6:45  Probe  
  85  6:49  Pylon  
  85  6:53  Gateway x2  
  85  6:54  Templar Archives  
  85  7:02  Warp Prism, Zealot x2  
  85  7:05  Pylon, Zealot x2  
  93  7:08  Pylon  
  93  7:14  Pylon  
  95  7:20  Observer  
  95  7:30  Zealot x8  
  95  7:35  Pylon x2  
  111  7:54  High Templar x2, Zealot x5  
  111  7:55  Zealot x3  
  111  7:58  Archon  
  131  8:02  Observer  
  131  8:04  Pylon x2  
  131  8:17  Archon x2  
  131  8:18  Archon, High Templar x2, Zealot x3  
  141  8:20  Archon  
  141  8:23  Archon  
  141  8:24  Zealot x3  
  147  8:31  Zealot x2  
  145  8:40  Zealot x3  
  143  8:47  Zealot  
  143  8:48  Zealot x2  
  141  8:59  Zealot x4  
  105  9:13  Zealot x6  
Tags
 
Add a new tag
Caveats
  • Supply blocks, unpowered buildings, or Contaminate may cause inaccurate times.
  • Supply counts are checked every 10 seconds.